 Dungeon Crawl Stone Soup version 0.28.0-43-g3370ac3207 (webtiles) character file.

Game seed: 15112735756443592756

1516 pkoi the Conjurer (level 8, -4/46 HPs)
             Began as an Octopode Conjurer on Mar 17, 2022.
             Was an Initiate of Vehumet.
             Shot with an arrow by a centaur (7 damage)
             ... on level 6 of the Dungeon.
             The game lasted 00:11:19 (9938 turns).

pkoi the Conjurer (Octopode Conjurer)               Turns: 9938, Time: 00:11:19

Health: -4/46      AC:  1    Str:  6    XL:     8   Next: 83%
Magic:  21/23      EV: 13    Int: 22    God:    Vehumet [......]
Gold:   220        SH:  0    Dex: 11    Spells: 4/15 levels left

rFire   . . .      SeeInvis .   j - +1 dagger (drain)
rCold   . . .      Faith    .   (no shield)
rNeg    + . .      Spirit   .   (helmet restricted)
rPois   .          Reflect  .   (no amulet)
rElec   .          Harm     .   h - ring of positive energy
rCorr   .          Rampage  .   e - ring of magical power
Will    .....                   (no ring)
Stlth   +++.......              (no ring)
HPRegen 0.15/turn               (no ring)
MPRegen 0.18/turn               (no ring)
                                (no ring)
                                (no ring)

@: no status effects
A: almost no armour, amphibious, 8 rings, camouflage 1, gelatinous body 1,
(nimble swimmer 1), tentacles
a: Renounce Religion


You were on level 6 of the Dungeon.
You worshipped Vehumet.
Vehumet was noncommittal.
You visited 2 branches of the dungeon, and saw 7 of its levels.

You collected 220 gold pieces.

Inventory:

Hand Weapons
 c - a +0 dagger
 j - a +1 dagger of draining (weapon)
Missiles
 g - 5 atropa-tipped darts
 l - 11 poisoned darts
Jewellery
 e - a ring of magical power (right tentacle)
 h - a ring of positive energy (left tentacle)
 k - an amulet of guardian spirit
Wands
 o - a wand of iceblast (9)
 r - a wand of polymorph (18)
Scrolls
 d - a scroll of identify
 m - a scroll of teleportation
Potions
 a - a potion of ambrosia
 b - a potion of heal wounds
 q - 2 potions of brilliance


   Skills:
 - Level 2.0 Dodging
 - Level 4.0 Stealth
 - Level 4.3 Spellcasting
 - Level 6.8 Conjurations
 - Level 4.0 Hexes
 + Level 6.3 Translocations


You had 4 spell levels left.
You knew the following spells:

 Your Spells              Type           Power      Damage    Failure   Level
a - Magic Dart            Conj           100%       1d8       1%          1
b - Searing Ray           Conj           70%        2d7       1%          2
c - Fulminant Prism       Conj/Hex       14%        3d9       12%         4
d - Iskenderun's Mystic   Conj/Tloc      33%        2d8       7%          4

Your spell library contained the following spells:

 Spells                   Type           Power      Damage    Failure   Level
 Dazzling Flash           Conj/Hex       56%        N/A       3%          3
 Silence                  Hex/Air        6%         N/A       78%         5
 Agony                    Necr           4%         N/A       96%         5


Dungeon Overview and Level Annotations

Branches:
Dungeon (6/15)             Temple (1/1) D:6

Altars:
Ashenzari
Cheibriados
Dithmenos
Fedhas
Gozag
Hepliaklqana
Kikubaaqudgha
Makhleb
Nemelex Xobeh
Okawaru
Qazlal
Ru
Sif Muna
Trog
Uskayaw
Vehumet
Wu Jian
Xom
Yredelemnul
Zin
The Shining One

Shops:
D:5 (

Annotations:
D:6 Sigmund


Innate Abilities, Weirdness & Mutations

You cannot wear most types of armour.
You are amphibious.
You can wear up to eight rings at the same time.
Your skin changes colour to match your surroundings (Stealth+).
Your rubbery body absorbs attacks. (AC +1, EV +1)
((You are camouflaged when in or above water. (Stealth+)))
You have tentacles for arms and can constrict up to eight enemies at once.


Message History

Things that are here:
a +0 leather armour; a +0 hand axe
Things that are here:
a +0 flail; an orc corpse A black bear and a centaur come into view.
There are monsters nearby!
The magic dart hits the centaur.
The centaur is moderately wounded.
The centaur wields a +0 shortbow.
The centaur shoots an arrow.
The arrow hits you.
The magic dart hits the centaur.
The centaur is heavily wounded.
The centaur shoots an arrow.
The arrow hits you!
* * * LOW HITPOINT WARNING * * *
Unknown command.
Casting: Magic Dart (safe; 1% risk of failure)
Confirm with . or Enter, or press ? or * to list all spells.
Okay, then.
The centaur shoots an arrow.
The arrow closely misses you.
The centaur shoots an arrow.
The arrow closely misses you.
The centaur shoots an arrow.
The arrow hits you!
* * * LOW HITPOINT WARNING * * *
The centaur shoots an arrow.
The arrow closely misses you.
The centaur shoots an arrow.
The arrow barely misses you.
You start resting.
Magic restored.
You start resting.
A centaur is nearby!
Casting: Magic Dart (safe; 1% risk of failure)
Confirm with . or Enter, or press ? or * to list all spells.
Aiming: Searing Ray (safe; 1% risk of failure)
Press: ? - help, Shift-Dir - straight line, f/p - centaur
Aim: a centaur, wielding a +0 shortbow and quivering arrows (heavily wounded, 88% to hit)
The searing ray hits the centaur.
The centaur is severely wounded. (Press . to maintain the ray.)
The centaur shoots an arrow.
The arrow hits you!
* * * LOW HITPOINT WARNING * * *
The centaur shoots an arrow.
The arrow hits you!
You die...

..........##..............
#.#.#.#[#.###.............
.....[.[...#...##.#.......
#.......#.........#..c.h..
..........................
#...>...#......c....#.#...
..........#......#..### ..
#.......#.......###.# .
................@# ... #
#.#.#.#.#............#.
...................### .
## ...............##.##
##. #######...........#...
... #..............# # #
##.............# #.#
#....)......... ...
##..†...#...... ##.


You could see a centaur.

Vanquished Creatures
  Menkaure (D:5)
  A water moccasin (D:6)
  An ice beast (D:4)
  A sky beast (D:6)
  A black bear (D:6)
  A necrophage (D:5)
  2 ogres
  A centaur (D:5)
  2 scorpions
  A bullfrog zombie (D:5)
  2 hounds
  4 jellies
  A centaur skeleton (D:4)
  A bullfrog skeleton (D:4)
  Jessica (D:3)
  2 iguanas
  A hound zombie (D:5)
  A hound skeleton (D:5)
  3 gnolls (D:2)
  5 adders
  A shadow imp (D:6)
  2 white imps (D:5)
  A worm (D:2)
  A dart slug (D:4)
  14 orcs
  5 bats
  12 endoplasms
  3 giant cockroaches (D:1)
  9 hobgoblins
  2 jackals (D:3)
  2 quokkas
  4 ball pythons
  3 frilled lizards
  9 goblins
  12 kobolds
113 creatures vanquished.

Vanquished Creatures (others)
  5 fungi (D:2)
  10 toadstools (D:2)
15 creatures vanquished.

Grand Total: 128 creatures vanquished

Notes
Turn   | Place    | Note
-------+----------+-------------------------------------------
     0 | D:1      | pkoi the Octopode Conjurer began the quest for the Orb.
     0 | D:1      | Reached XP level 1. HP: 11/11 MP: 3/3
   263 | D:1      | Reached XP level 2. HP: 17/17 MP: 0/5
   320 | D:1      | Found a faded altar of an unknown god.
  1157 | D:1      | Reached XP level 3. HP: 21/21 MP: 4/6
  1860 | D:2      | Learned a level 2 spell: Searing Ray
  2027 | D:2      | Reached skill level 5 in Conjurations
  2027 | D:2      | Reached XP level 4. HP: 16/27 MP: 2/8
  2308 | D:2      | Reached XP level 5. HP: 31/31 MP: 0/9
  3213 | D:3      | Noticed Jessica
  3216 | D:3      | Killed Jessica
  3302 | D:3      | Reached XP level 6. HP: 36/36 MP: 6/11
  4046 | D:4      | Learned a level 4 spell: Fulminant Prism
  4051 | D:4      | Learned a level 4 spell: Iskenderun's Mystic Blast
  4805 | D:4      | Reached skill level 1 in Hexes
  4805 | D:4      | Reached skill level 1 in Translocations
  5275 | D:4      | Reached XP level 7. HP: 28/41 MP: 10/12
  6468 | D:5      | Entered Level 5 of the Dungeon
  6997 | D:5      | Noticed Menkaure
  7008 | D:5      | Killed Menkaure
  7463 | D:5      | Reached XP level 8. HP: 28/46 MP: 9/14
  8102 | D:5      | Found Akigro's Weapon Boutique.
  8651 | D:6      | Noticed Sigmund
  8738 | D:6      | Reached skill level 5 in Translocations
  9147 | D:6      | Found a staircase to the Ecumenical Temple.
  9157 | Temple   | Entered the Ecumenical Temple
  9726 | Temple   | Became a worshipper of Vehumet
  9938 | D:6      | Shot with an arrow by a centaur

Illustrated notes

Levels and vault maps discovered:
D:1:      elethiomel_arrival_shortcut, layout_basic,
          hellmonk_ecumenical_altar_slurped_away
D:2:      cheibrodos_fertilizer, layout_basic
D:3:      layout_rooms, grunt_ministairs_7, uniq_jessica
D:4:      layout_layer_cave
D:5:      layout_basic, serial_shops, kennysheep_mini, kennysheep_another_room,
          uniq_menkaure
D:6:      layout_cave_pools, minmay_temple_entry_glass,
          nicolae_elevator_lobby_asterisk, uniq_sigmund
Temple:   mainiacjoe_temple_starburst

Skill      XL: |  1  2  3  4  5  6  7  8 |
---------------+-------------------------+-----
Stealth        | 3 4 |  4.0
Conjurations   | 5 6 |  6.8
Spellcasting   | 3 4 |  4.3
Hexes          | 1 3 4 |  4.0
Translocations | 1 3 6 |  6.3
Dodging        | |  2.0

Action                   |  1- 3 |  4- 6 |  7- 9 || total
-------------------------+-------+-------+-------++-------
Melee: Unarmed           |    11 |       |       ||    11
       Tentacles         |     4 |     1 |       ||     5
       Constrict         |     2 |     2 |       ||     4
       Dagger            |     4 |     7 |       ||    11
 Cast: Magic Dart        |    65 |   114 |    66 ||   245
       Searing Ray       |     1 |     3 |    19 ||    23
       Iskenderun's Myst |       |       |     1 ||     1
  Use: Potion            |       |       |     4 ||     4
       Scroll            |       |       |     7 ||     7
Armor: Skin              |     2 |     1 |     5 ||     8
Dodge: Dodged            |     8 |    20 |    40 ||    68
